 Dungeon Crawl Stone Soup version 0.25-a0-246-g58704a1ebd (webtiles) character file.

Game seed: 2027622576177332647, levelgen mode: deterministic

149441 toffzen the Brawler (level 16, -25/167 HPs)
             Began as a Troll Fighter on Dec 3, 2019.
             Was a High Priest of Elyvilon.
             Annihilated by a six-headed hydra simulacrum (27 damage)
             ... on level 4 of the Swamp.
             The game lasted 01:19:00 (34377 turns).

toffzen the Brawler (Troll Fighter)                Turns: 34377, Time: 01:19:00

Health: -25/167    AC: 10    Str: 23    XL:     16   Next: 96%
Magic:  22/22      EV: 13    Int:  4    God:    Elyvilon [*****.]
Gold:   2301       SH: 20    Dex: 14    Spells: 15/15 levels left

rFire    + + .     SeeInvis .     - Unarmed
rCold    . . .     Gourm    +   K - +0 large shield
rNeg     + + .     Faith    .   F - +0 troll leather armour
rPois    .         Spirit   .   H - +1 hat
rElec    .         Reflect  +   C - scarf {repulsion}
rCorr    .         Harm     .   (gloves unavailable)
MR       ++...                  (boots unavailable)
Stlth    +.........             v - +3 amulet of reflection
HPRegen  1.17/turn              X - ring of Cailat {rF+++ rC- rN++ MR+ Str-5}
MPRegen  0.18/turn              e - ring of ice

@: protection, very slightly contaminated, studying Throwing, invisible, repel
missiles, very slow
A: large, unfitting armour, claws 3, fast metabolism 3, gourmand, regeneration
1, shaggy fur 1, tough skin 3
a: Lesser Healing, Heal Other, Purification, Greater Healing, Divine Vigour,
Divine Protection, Renounce Religion


You were on level 4 of the Swamp.
You worshipped Elyvilon.
Elyvilon was extremely pleased with you.
You were not hungry.

You visited 5 branches of the dungeon, and saw 28 of its levels.

You collected 2661 gold pieces.
You spent 360 gold pieces at shops.

Inventory:

Hand Weapons
 b - a +4 scimitar of flaming
Missiles
 i - 530 stones
 o - 91 poisoned darts (quivered)
 r - 18 large rocks
 G - 4 javelins
 M - 13 curare-tipped darts
 N - a throwing net
Armour
 C - a scarf of repulsion (worn)
 F - a +0 troll leather armour (worn)
 H - a +1 hat (worn)
 K - a +0 large shield (worn)
 U - +0 fire dragon scales
Jewellery
 c - an uncursed ring of poison resistance
 e - a ring of ice (right claw)
 v - a +3 amulet of reflection (around neck)
 I - an uncursed ring of fire
 Q - an uncursed ring of resist corrosion
 W - the ring "Nifin" {AC+4 Stlth+}
   (You took it off a kobold on level 11 of the Dungeon)

   [ring of protection]

   It affects your AC (+4).
   It makes you more stealthy.
 X - the ring of Cailat (left claw) {rF+++ rC- rN++ MR+ Str-5}
   (You took it off a big kobold on level 11 of the Dungeon)

   [ring of protection from magic]

   It affects your strength (-5).
   It renders you almost immune to fire.
   It makes you vulnerable to cold.
   It greatly protects you from negative energy.
   It affects your resistance to hostile enchantments.
 Y - the ring "Figifi Emnuj" {Wiz Dex+2 SInv}
   (You found it on level 11 of the Dungeon)

   [ring of wizardry]

   It improves your spell success rate.
   It affects your dexterity (+2).
   It lets you see invisible.
 Z - the ring of Evasizee {*Tele *Corrode rPois rF+ MR+}
   (You found it on level 11 of the Dungeon)

   [ring of teleportation]

   It may teleport you next to monsters.
   It protects you from fire.
   It protects you from poison.
   It affects your resistance to hostile enchantments.
   It may corrode you when you take damage.
Wands
 t - a wand of acid (9)
 w - a wand of digging (19)
 R - a wand of disintegration (21)
 S - a wand of flame (22)
 V - a wand of iceblast (16)
Scrolls
 f - 12 scrolls of remove curse
 h - a scroll of summoning
 j - 4 scrolls of fog
 l - 6 scrolls of magic mapping
 m - a scroll of fear
 n - 3 scrolls of enchant weapon
 s - 4 scrolls of teleportation
 u - 3 scrolls of enchant armour
Potions
 a - 2 potions of heal wounds
 g - 11 potions of curing
 k - 3 potions of resistance
 p - 4 potions of haste
 q - 3 potions of mutation
 x - 3 potions of degeneration
 z - a potion of might
 A - 6 potions of flight
 E - 2 potions of cancellation
 J - 7 potions of brilliance
 O - 2 potions of ambrosia
 P - a potion of invisibility
Books
 T - a manual of Throwing
Miscellaneous
 B - a phial of floods
 D - 2 sacks of spiders
Comestibles
 d - 53 rations


   Skills:
 + Level 12.6 Fighting
 + Level 7.2 Armour
 - Level 9.0 Dodging
 - Level 9.0 Shields
 + Level 18.6 Unarmed Combat
 + Level 9.5 Invocations


You had 15 spell levels left.
You didn't know any spells.
Your spell library contained the following spells:

 Spells                   Type           Power        Failure   Level  Hunger
 Animate Skeleton         Necr           N/A          93%         1    ##.....
 Apportation              Tloc           #.....       93%         1    ##.....
 Beastly Appendage        Tmut           #.....       93%         1    ##.....
 Confusing Touch          Hex            #.....       93%         1    ##.....
 Magic Dart               Conj           #...         93%         1    ##.....
 Sting                    Tmut/Pois      #...         93%         1    ##.....
 Summon Small Mammal      Summ           #...         93%         1    ##.....
 Call Imp                 Summ           #.......     98%         2    ###....
 Poisonous Vapours        Pois/Air       #.....       98%         2    ###....
 Searing Ray              Conj           #.....       98%         2    ###....
 Sticks to Snakes         Tmut           #.......     98%         2    ###....
 Call Canine Familiar     Summ           #.......     100%        3    ####...
 Confuse                  Hex            #.......     100%        3    ####...
 Dazzling Flash           Conj/Hex       #.....       100%        3    ####...
 Gell's Gravitas          Tloc           #.........   100%        3    ####...
 Ignite Poison            Fire/Tmut/Pois #.......     100%        3    ####...
 Mephitic Cloud           Conj/Pois/Air  #.......     100%        3    ####...
 Recall                   Summ/Tloc      N/A          100%        3    ####...
 Spider Form              Tmut/Pois      #.........   100%        3    ####...
 Summon Guardian Golem    Hex/Summ       #.......     100%        3    ####...
 Fulminant Prism          Conj/Hex       #.........   100%        4    #####..
 Ice Form                 Ice/Tmut       #.......     100%        4    #####..
 Iskenderun's Mystic Bla  Conj/Tloc      #.......     100%        4    #####..
 Olgreb's Toxic Radiance  Pois           #.......     100%        4    #####..
 Petrify                  Tmut/Erth      #.......     100%        4    #####..
 Summon Ice Beast         Ice/Summ       #.......     100%        4    #####..
 Summon Lightning Spire   Summ/Air       #.......     100%        4    #####..
 Aura of Abjuration       Summ           #.........   100%        5    ######.
 Blade Hands              Tmut           #.........   100%        5    ######.
 Bolt of Magma            Conj/Fire/Erth #.........   100%        5    ######.
 Iskenderun's Battlesphe  Conj/Chrm      #.......     100%        5    ######.
 Metabolic Englaciation   Hex/Ice        #.........   100%        5    ######.
 Summon Demon             Summ           #.........   100%        5    ######.
 Summon Forest            Summ/Tloc      #.........   100%        5    ######.
 Summon Mana Viper        Hex/Summ       #.......     100%        5    ######.
 Yara's Violent Unravell  Hex/Tmut       #.........   100%        5    ######.
 Iron Shot                Conj/Erth      #.........   100%        6    #######
 Shadow Creatures         Summ           N/A          100%        6    #######
 Orb of Destruction       Conj           #.........   100%        7    #######
 Spellforged Servitor     Conj/Summ      #.........   100%        7    #######


Dungeon Overview and Level Annotations

Branches:
Dungeon (15/15)            Temple (1/1) D:4            Lair (6/6) D:9
  Swamp (4/4) Lair:2        Snake (0/4) Lair:3        Slime (0/5) Lair:5
    Orc (2/2) D:12            Elf (0/3) Orc:2        Vaults (0/5) D:13
 Depths (0/5) D:15

Altars:
Ashenzari
Cheibriados
Dithmenos
Elyvilon
Fedhas
Gozag
Hepliaklqana
Kikubaaqudgha
Makhleb
Nemelex Xobeh
Okawaru
Qazlal
Ru
Sif Muna
Trog
Uskayaw
Vehumet
Wu Jian
Xom
Yredelemnul
Zin
The Shining One
Beogh

Shops:
D:9 (   D:14 *   Orc:2 *%:?

Annotations:
D:5 exclusion: door
D:11 3 runed translucent doors
D:13 6 runed translucent doors, exclusion: 6 doors
Lair:5 exclusion: oklob plant
Orc:1 2 transporters, vurker's ghost, journeyman DEWz
Orc:2 exclusion: door


Innate Abilities, Weirdness & Mutations

You are too large for most types of armour.
You have claws for hands.
Your metabolism is lightning-fast.
You like to eat raw meat.
Your natural rate of healing is unusually fast.
You are covered in fur. (AC +1)
You have extremely tough skin. (AC +3)


Message History

* * * LOW HITPOINT WARNING * * *
The eight-headed hydra simulacrum freezes you!!
Elyvilon protects you from harm!
The eight-headed hydra simulacrum closely misses you.
The eight-headed hydra simulacrum misses you.
The eight-headed hydra simulacrum bites you!
Elyvilon protects you from harm!
The eight-headed hydra simulacrum freezes you!!
Elyvilon protects you from harm!
The eight-headed hydra simulacrum closely misses you.
The eight-headed hydra simulacrum misses you.
The eight-headed hydra simulacrum bites you.
Elyvilon protects you from harm!
The eight-headed hydra simulacrum freezes you!!
Elyvilon protects you from harm!
You block the six-headed hydra simulacrum's attack.
The six-headed hydra simulacrum bites you.
Elyvilon protects you from harm!
The six-headed hydra simulacrum freezes you!!
You die...

..♣♣ ♣≈♣ ♣≈≈.≈.(.≈≈≈≈.≈.#
♣≈§♣♣..≈♣ ♣♣♣♣♣≈.≈≈≈.≈≈≈≈.≈≈♣
♣≈.♣≈≈≈.♣ ♣♣<≈♣♣≈≈....≈≈≈≈≈...
♣.≈..≈≈≈♣ ♣....§..≈......≈≈.≈#
≈.♣♣♣≈≈≈.♣
♣♣≈...............≈≈#
≈.≈♣♣.≈≈.♣
♣≈...≈.....≈..≈♣.≈≈♣♣ ≈≈.♣
♣≈♣♣♣♣♣♣≈.....<.§≈≈.♣...$≈≈♣
≈≈≈♣
♣..♣♣≈.....≈ZZ≈≈≈≈≈≈≈.≈≈.♣♣♣
..≈♣♣♣.≈.≈(..≈.≈@Z.≈≈≈≈≈..≈≈≈.♣
♣♣♣.≈.≈≈≈≈.≈≈≈≈≈.Z.≈≈≈≈≈≈≈...≈♣
♣≈≈≈≈≈≈≈≈≈≈≈≈§≈....≈≈≈≈..≈♣♣♣
♣..........≈....≈.≈§.≈≈.♣♣♣
♣♣♣≈≈≈...♣♣...≈♣≈.≈≈≈..≈≈≈♣
♣.≈≈≈.♣♣.....♣♣........≈≈♣♣
≈≈≈≈..♣♣.≈≈≈♣♣≈≈......♣♣♣♣
≈≈≈...≈♣.≈≈≈♣♣§≈....§♣♣
≈≈≈≈≈.♣♣.≈≈...≈≈.≈≈..♣


You could see an eight-headed hydra simulacrum, a seven-headed hydra simulacrum,
a six-headed hydra simulacrum and a five-headed hydra simulacrum.

Vanquished Creatures
  Gastronok (Lair:1)
  3 thorn hunters
  2 orc warlords
  Louise (Swamp:2)
  A very ugly thing (Swamp:2)
  A fire dragon (D:11)
  A yaktaur captain (D:15)
  4 centaur warriors
  A shambling mangrove (Swamp:3)
  An ice dragon (Swamp:4)
  5 ghost crabs
  13 hydras
  2 catoblepae
  13 alligators
  A death knight (D:13)
  4 two-headed ogres
  2 tengu warriors
  Urug (Lair:1)
  Sonja (Lair:3)
  4 orc high priests (Orc:2)
  Nergalle (Lair:3)
  An iron troll (D:13)
  A skeletal warrior (D:14)
  5 unseen horrors
  3 swamp dragons
  Pikel (D:6)
  3 wizards
  A spriggan druid (Swamp:4)
  4 deep elf magi
  5 orc knights
  A phantasmal warrior (D:15)
  A wolf spider (D:11)
  A moth of wrath (Swamp:4)
  12 ugly things
  3 orc sorcerers (Orc:2)
  4 cyclopes
  4 centaur zombies
  5 manticores
  2 black mambas
  29 spiny frogs
  5 gargoyles
  6 freezing wraiths
  An efreet (D:13)
  2 kobold demonologists
  4 komodo dragons (Lair:4)
  2 tengu conjurers
  A polar bear (Lair:4)
  17 trolls
  3 meliai (D:14)
  16 tyrant leeches
  10 hornets
  8 bog bodies
  19 slime creatures
  13 blink frogs
  6 dream sheep (Lair:5)
  10 hippogriffs
  A vampire (D:13)
  3 wyverns
  2 wraiths
  2 shadows
  6 spriggans
  Eustachio (D:6)
  2 basilisks
  20 yaks
  2 fire elementals (D:13)
  24 vampire mosquitoes
  3 hungry ghosts
  21 swamp worms
  Menkaure (D:5)
  4 nagas (Lair:3)
  16 insubstantial wisps
  4 swamp worm simulacra (Swamp:4)
  2 two-headed ogre zombies (D:12)
  6 wargs
  10 water moccasins
  2 acid dragons
  8 hydra simulacra (Swamp:4)
  41 orc warriors
  7 porcupines
  3 swamp drakes
  6 sky beasts
  17 ogres
  7 ice beasts
  4 phantoms
  2 black bears
  2 eyes of draining
  2 necrophages
  8 centaurs
  7 wolves
  17 crocodiles
  6 big kobolds
  Blork the orc (D:4)
  25 bullfrogs
  A gnoll sergeant (D:6)
  A troll zombie (D:12)
  7 scorpions
  17 killer bees
  18 wights
  5 howler monkeys
  2 electric eels
  A quasit (D:13)
  2 bullfrog zombies
  9 crimson imps
  7 jellies
  6 hounds
  33 orc priests
  28 orc wizards
  3 bullfrog skeletons
  4 centaur skeletons
  3 iguanas
  11 worker ants
  A killer bee zombie (D:7)
  5 ogre zombies (D:12)
  3 hound skeletons
  7 gnolls
  A howler monkey skeleton (D:4)
  11 adders
  2 shadow imps
  6 oozes
  4 swamp drake simulacra (Swamp:4)
  2 adder skeletons
  4 worms
  3 dart slugs
  3 leopard geckos
  99 orcs
  8 giant cockroaches
  10 goblins
  9 hobgoblins
  11 jackals
  29 kobolds
  2 quokkas
  2 ball pythons (D:2)
  11 bats
  7 frilled lizards
  A goblin skeleton (D:12)
  A goblin zombie (D:12)
  4 hobgoblin zombies (D:12)
  5 orc skeletons (D:12)
  14 orc zombies (D:12)
  11 rats
  4 briar patches (Swamp:4)
  A fungus (Lair:6)
  A plant (Lair:3)
1007 creatures vanquished.

Vanquished Creatures (others)
  A hydra (Swamp:4)
  A deep elf mage (D:11)
  A tyrant leech (Swamp:4)
  An iguana (D:12)
  An adder (D:11)
  2 briar patches (Swamp:4)
  A bush (D:15)
  14 fungi
  41 plants
63 creatures vanquished.

Grand Total: 1070 creatures vanquished

Notes
Turn   | Place    | Note
-------+----------+-------------------------------------------
     0 | D:1      | toffzen the Troll Fighter began the quest for the Orb.
     0 | D:1      | Reached XP level 1. HP: 22/22 MP: 0/0
   282 | D:1      | Reached XP level 2. HP: 29/29 MP: 1/1
   786 | D:1      | Reached skill level 3 in Unarmed Combat
   872 | D:2      | Reached XP level 3. HP: 36/36 MP: 2/2
  1212 | D:2      | Reached XP level 4. HP: 39/45 MP: 3/3
  1521 | D:2      | Reached skill level 4 in Unarmed Combat
  2079 | D:4      | Reached XP level 5. HP: 53/53 MP: 4/4
  2337 | D:3      | Reached skill level 5 in Unarmed Combat
  2471 | D:4      | Found an iron altar of Okawaru.
  2482 | D:4      | Noticed Blork the orc
  2488 | D:4      | Killed Blork the orc
  2488 | D:4      | Reached XP level 6. HP: 49/62 MP: 5/5
  2850 | D:4      | Reached skill level 6 in Unarmed Combat
  2910 | D:4      | Found a white marble altar of Elyvilon.
  2936 | D:4      | Became a worshipper of Elyvilon the Healer
  2989 | D:4      | Found a staircase to the Ecumenical Temple.
  3023 | Temple   | Entered the Ecumenical Temple
  3289 | D:5      | Entered Level 5 of the Dungeon
  3296 | D:5      | Reached XP level 7. HP: 59/70 MP: 6/6
  3306 | D:5      | Noticed Menkaure
  3316 | D:5      | Killed Menkaure
  3469 | D:5      | Reached skill level 7 in Unarmed Combat
  3625 | D:5      | Reached * piety under Elyvilon
  3856 | D:5      | Found a bloodstained altar of Trog.
  3925 | D:5      | Found a shimmering blue altar of Sif Muna.
  4020 | D:5      | Reached skill level 5 in Fighting
  4151 | D:5      | Reached skill level 8 in Unarmed Combat
  4151 | D:5      | Reached XP level 8. HP: 66/80 MP: 7/7
  4180 | D:6      | Noticed Eustachio
  4187 | D:6      | Killed Eustachio
  4223 | D:6      | Found an opulent altar of Gozag.
  4309 | D:6      | Noticed a hippogriff
  4319 | D:6      | Killed a hippogriff
  4319 | D:6      | Reached skill level 9 in Unarmed Combat
  4458 | D:6      | Noticed Pikel
  4479 | D:6      | Killed Pikel
  4479 | D:6      | Reached XP level 9. HP: 57/89 MP: 8/8
  4639 | D:6      | Reached ** piety under Elyvilon
  4659 | D:6      | Reached skill level 10 in Unarmed Combat
  5103 | D:7      | Found a blossoming altar of Fedhas.
  5413 | D:7      | Reached *** piety under Elyvilon
  5652 | D:7      | Found a glowing golden altar of the Shining One.
  5652 | D:7      | Found a glowing silver altar of Zin.
  6212 | D:8      | Found the cursed +13 scythe of Curses {drain, *Curse}
  6297 | D:8      | Reached skill level 11 in Unarmed Combat
  6821 | D:8      | Reached XP level 10. HP: 78/102 MP: 9/9
  6872 | D:7      | HP: 4/102 [slime creature (16)]
  7096 | D:9      | Found a staircase to the Lair.
  7251 | D:9      | Found Faaly's Weapon Shoppe.
  7599 | D:10     | Entered Level 10 of the Dungeon
  7646 | D:10     | Reached skill level 12 in Unarmed Combat
  7732 | D:10     | Reached **** piety under Elyvilon
  8294 | D:10     | Killed an unseen horror
  8294 | D:10     | Reached skill level 5 in Dodging
  8921 | Lair:1   | Entered Level 1 of the Lair of Beasts
  8921 | Lair:1   | Noticed Urug
  8959 | Lair:1   | Killed Urug
  9042 | Lair:1   | Reached XP level 11. HP: 103/111 MP: 10/10
  9058 | Lair:1   | Reached XP level 12. HP: 119/119 MP: 11/11
  9204 | Lair:1   | Noticed Gastronok
  9265 | Lair:1   | Killed Gastronok
  9265 | Lair:1   | Reached skill level 13 in Unarmed Combat
  9564 | Lair:1   | You fall into a shaft and drop 1 floor!
  9876 | Lair:2   | Reached ***** piety under Elyvilon
 10358 | Lair:2   | Noticed a four-headed hydra
 10847 | Lair:2   | Found a staircase to the Swamp.
 11132 | Lair:2   | Killed a four-headed hydra
 11507 | Lair:2   | Found a staircase to the Swamp.
 11704 | Lair:3   | Reached skill level 14 in Unarmed Combat
 12044 | Lair:3   | Noticed Nergalle
 12057 | Lair:3   | Killed Nergalle
 12262 | Lair:3   | Found a staircase to the Snake Pit.
 12901 | Lair:4   | Noticed Sonja
 12965 | Lair:3   | Killed Sonja
 13181 | Lair:4   | Reached XP level 13. HP: 131/131 MP: 12/12
 13403 | Lair:4   | Reached ****** piety under Elyvilon
 13938 | Lair:5   | Found a staircase to the Slime Pits.
 14546 | Lair:5   | Reached skill level 1 in Invocations
 15092 | Lair:6   | Entered Level 6 of the Lair of Beasts
 15101 | Lair:5   | Reached skill level 15 in Unarmed Combat
 16031 | Lair:6   | Reached skill level 10 in Fighting
 17936 | D:11     | Reached XP level 14. HP: 143/143 MP: 14/16
 18272 | D:11     | Found a shimmering altar of Xom.
 18436 | D:11     | Found a runed translucent door.
 18444 | D:11     | Found a runed translucent door.
 18447 | D:11     | Found a runed translucent door.
 18458 | D:11     | Reached skill level 16 in Unarmed Combat
 18459 | D:11     | Identified the ring "Figifi Emnuj" {Wiz Dex+2 SInv}
 18798 | D:11     | Identified the ring "Nifin" {AC+4 Stlth+}
 18800 | D:11     | Identified the ring of Cailat {rF+++ rC- rN++ MR+ Str-5}
 18874 | D:11     | Got a twitching iron ring
 19098 | D:11     | Identified the ring of Evasizee {*Tele *Corrode rPois rF+
                  | MR+} (You found it on level 11 of the Dungeon)
 19449 | D:12     | Found a staircase to the Orcish Mines.
 20117 | Orc:1    | Entered Level 1 of the Orcish Mines
 20154 | Orc:1    | Found a transporter.
 20160 | Orc:1    | Found a bloodstained altar of Trog.
 20160 | Orc:1    | Noticed vurker's ghost (journeyman DEWz)
 20160 | Orc:1    | Identified the cursed +0 glaive of Cruel Justice {distort,
                  | rN+}
 20162 | Orc:1    | Noticed a stone giant
 20176 | Orc:1    | Noticed an orc warlord
 20198 | Orc:1    | Found a transporter.
 20231 | D:12     | Killed an orc warlord
 20282 | D:12     | Reached skill level 5 in Invocations
 20860 | Orc:2    | Entered Level 2 of the Orcish Mines
 21241 | Orc:2    | Found a roughly hewn altar of Beogh.
 21252 | Orc:2    | Reached skill level 1 in Armour
 21344 | Orc:2    | Found Vauqulog's General Store.
 21360 | Orc:2    | Bought a scroll of blinking for 120 gold pieces
 21397 | Orc:2    | Found Wonuq's Food Shop.
 22219 | Orc:2    | Found a staircase to the Elven Halls.
 22612 | Orc:2    | Noticed an orc warlord
 22639 | Orc:2    | Killed an orc warlord
 22986 | Orc:2    | Found Avootap's Book Shoppe.
 23071 | Orc:2    | Found Saidev Fyla's Magic Scroll Shop.
 23163 | Orc:2    | Found a roughly hewn altar of Beogh.
 23181 | Orc:2    | Bought a scroll of blinking for 120 gold pieces
 23181 | Orc:2    | Bought a scroll of blinking for 120 gold pieces
 23631 | D:13     | You fall into a shaft and drop 2 floors!
 23631 | D:15     | Entered Level 15 of the Dungeon
 23648 | D:15     | Reached skill level 17 in Unarmed Combat
 23672 | D:14     | Reached XP level 15. HP: 71/153 MP: 18/18
 24784 | D:13     | Found a runed translucent gate.
 24784 | D:13     | Found a runed translucent gate.
 24784 | D:13     | Found a runed translucent gate.
 24789 | D:13     | Noticed a sphinx
 24790 | D:13     | Noticed a sphinx
 25054 | D:13     | Paralysed by a hornet for 1 turns
 25302 | D:13     | Found a runed translucent gate.
 25302 | D:13     | Found a runed translucent gate.
 25302 | D:13     | Found a runed translucent gate.
 25304 | D:13     | Identified the +7 fustibalus of Metoil {venom, *Contam +Inv
                  | rElec}
 25583 | D:13     | Found a gate to the Vaults.
 25584 | D:13     | Found the +3 pair of gauntlets of War {Slay+5}
 26653 | D:14     | Found Imoan's Wicked Wares.
 26659 | D:14     | Found a basalt altar of Yredelemnul.
 27563 | D:15     | Found a staircase to the Depths.
 27866 | Swamp:1  | Entered Level 1 of the Swamp
 28288 | Swamp:1  | Reached skill level 18 in Unarmed Combat
 28291 | Swamp:1  | Reached skill level 5 in Armour
 28333 | Swamp:1  | Reached XP level 16. HP: 119/165 MP: 20/20
 30367 | Swamp:2  | Noticed Louise
 30397 | Swamp:2  | Killed Louise
 30774 | Swamp:3  | Noticed a thorn hunter
 31620 | Swamp:3  | Killed a thorn hunter
 32388 | Swamp:4  | Entered Level 4 of the Swamp
 32884 | Swamp:4  | Noticed a thorn hunter
 32911 | Swamp:4  | Killed a thorn hunter
 33516 | Swamp:4  | Noticed a thorn hunter
 33541 | Swamp:4  | Killed a thorn hunter
 33880 | Swamp:4  | HP: 5/167 [three-headed hydra simulacrum (36)]
 34375 | Swamp:4  | HP: 6/167 [five-headed hydra simulacrum (10)]
 34375 | Swamp:4  | Elyvilon protects you from harm!
 34375 | Swamp:4  | HP: 1/167 [five-headed hydra simulacrum (5)]
 34375 | Swamp:4  | Elyvilon protects you from harm!
 34376 | Swamp:4  | Elyvilon protects you from harm!
 34376 | Swamp:4  | Elyvilon protects you from harm!
 34376 | Swamp:4  | Elyvilon protects you from harm!
 34376 | Swamp:4  | Elyvilon protects you from harm!
 34377 | Swamp:4  | Elyvilon protects you from harm!
 34377 | Swamp:4  | Elyvilon protects you from harm!
 34377 | Swamp:4  | Elyvilon protects you from harm!
 34377 | Swamp:4  | Elyvilon protects you from harm!
 34377 | Swamp:4  | Elyvilon protects you from harm!
 34377 | Swamp:4  | Elyvilon protects you from harm!
 34377 | Swamp:4  | Annihilated by a six-headed hydra simulacrum

Levels and vault maps discovered:
D:1:      denvon_arrival_hothouse, layout_basic
D:2:      minmay_wonky_spiral, layout_basic, minmay_small_reverse_x
D:3:      layout_basic
D:4:      layout_loops_ring, okawaru_ov_weapons_minmay, elyvilon_altar_3,
          minmay_temple_entry_offerings, kennysheep_nondescript,
          uniq_blork_the_orc
D:5:      layout_cave_pools, led_sif_book, bloody_trog, first_ration,
          minivault_5, st_stairs_8, hangedman_decor_diamond_cutter,
          uniq_menkaure
D:6:      layout_loops_cross, grunt_gozag_statues, uniq_pikel, uniq_eustachio
D:7:      layout_layer_cave, old_standard_altar, gammafunk_temple_overflow_wave
D:8:      minmay_weird_star, layout_rooms, grunt_pizzeria
D:9:      layout_cave_pools, lair_entry_dummy, serial_shops, shop
D:10:     layout_grid_maze
D:11:     minmay_the_grid_triangle_9x9_line_8_mashed
          [minmay_the_grid_triangle_9x9_intruding_spiral,
          minmay_the_grid_triangle_9x9_zippers_horizontal,
          minmay_the_grid_triangle_9x9_minimal,
          minmay_the_grid_triangle_9x9_sprig,
          minmay_the_grid_triangle_9x9_subtriangle,
          minmay_the_grid_triangle_9x9_zippers_vertical,
          minmay_the_grid_triangle_9x9_tough_junction,
          minmay_the_grid_triangle_9x9_prize_special], layout_loops_corners,
          tgw_xom
D:12:     layout_loops_ring, zombieorc2_lemuel
D:13:     kennysheep_treasure_stockpile, layout_basic, david_vaults_4,
          st_stairs_6, minmay_misc_feat_square, dk_noncrumbling_2
D:14:     layout_gridville, chequers_serial_rivers_small_b, nicolae_evil_shop
D:15:     grunt_enter_depths_snipers, layout_cave_pools, serial_park,
          serial_park_square2
Temple:   jpeg_temple_clearing
Lair:1:   layout_big_grid, serial_bayou_shore_b, uniq_gastronok, uniq_urug
Lair:2:   layout_gridlike, nicolae_swamp_entry_splash_gauntlet,
          infiniplex_staircase_pool_2
Lair:3:   layout_roguey, minmay_snake_entry_guardpost_small, lemuel_fruit_tree,
          uniq_nergalle
Lair:4:   layout_cave_shapes, grunt_megastairs_4, infiniplex_staircase_pool,
          uniq_sonja
Lair:5:   layout_concentric_octagons, nicolae_slime_entry_slimehenge,
          serial_bayou_crossing, minmay_lair_oklob_chamber
Lair:6:   minmay_lair_end_frog_pond, layout_concentric_octagons,
          lightli_volcano_entry_magma_tube, grunt_megastairs_3
Swamp:1:  layout_basic_swamp, hangedman_swamp_pad
Swamp:2:  layout_basic_swamp, nicolae_swamp_orc_logging_accident,
          nicolae_swamp_very_dense_foliage, uniq_louise
Swamp:3:  layout_falls_marsh, nicolae_swamp_little_tower, swamp_pool3
Swamp:4:  swamp_icy, layout_basic_swamp, worms_lemuel
Orc:1:    layout_caves, gammafunk_ghost_wrathful_warriors,
          nicolae_orc_pool_cavern
Orc:2:    pubby_orc_utopia, serial_shops

Skill      XL: |  1  2  3  4  5  6  7  8  9 10 11 12 13 14 15 16 |
---------------+-------------------------------------------------+-----
Unarmed Combat | 3 4 5 6 8 9 11 12 14 15 17 18 | 18.6
Fighting       | 3 4 5 6 7 8 9 10 11 12 | 12.6
Dodging        | 4 5 7 8 9 |  9.0
Shields        | 7 8 9 |  9.0
Invocations    | 4 6 7 9 |  9.5
Armour         | 2 5 7 |  7.2

Action                   |  1- 3 |  4- 6 |  7- 9 | 10-12 | 13-15 | 16-18 || total
-------------------------+-------+-------+-------+-------+-------+-------++-------
Melee: Unarmed           |   122 |   202 |   247 |   425 |  1812 |   588 ||  3396
       Spear             |       |       |       |     8 |       |       ||     8
       Falchion          |       |       |       |       |    15 |       ||    15
       Scimitar          |       |       |       |       |    14 |    49 ||    63
Throw: Dart              |       |       |       |     3 |       |       ||     3
Invok: Heal Other        |       |       |       |       |     3 |       ||     3
       Divine Protection |       |       |       |       |       |     1 ||     1
Evoke: Wand              |       |       |       |    11 |    17 |     2 ||    30
  Use: Scroll            |       |     6 |    10 |     7 |    19 |     9 ||    51
       Potion            |       |     1 |       |     6 |     5 |     3 ||    15
 Stab: Sleeping          |       |     1 |       |       |     4 |       ||     5
       Invisible         |       |       |       |       |     2 |       ||     2
  Eat: Chunk             |    17 |    19 |    24 |    61 |   144 |    41 ||   306
       Ration            |       |       |       |     4 |       |     4 ||     8
Armor: Robe              |    51 |    52 |    69 |    88 |    27 |       ||   287
       Troll leather arm |       |       |       |       |   267 |   112 ||   379
       Skin              |       |       |       |       |     5 |       ||     5
       Fire dragon scale |       |       |       |       |     2 |       ||     2
Dodge: Dodged            |    44 |    43 |    77 |   165 |   569 |   212 ||  1110
       Deflected         |       |       |       |       |       |    14 ||    14
Block: Shield            |    78 |    85 |   102 |   232 |   465 |       ||   962
       Large shield      |       |       |       |       |   663 |   570 ||  1233
       Reflection        |       |       |       |       |     3 |    20 ||    23
       Rpst.: Scimitar   |       |       |       |       |     4 |     3 ||     7
       Falchion          |       |       |       |       |     2 |       ||     2

Table legend:
 A = Non-vault XP
 B = Vault XP
 C = Vault XP percentage of total XP
 D = Non-vault monster count
 E = Vault monster count
 F = Vault count percentage of total count
                 A         B        C        D         E       F
            +---------+---------+-------+---------+---------+-------
      Total |  138440 |   63148 |  31.3 |     669 |     332 |  33.2
            +---------+---------+-------+---------+---------+-------
        D:1 |      32 |       0 |   0.0 |      21 |       0 |   0.0
        D:2 |     110 |      13 |  10.6 |      29 |       8 |  21.6
        D:3 |     157 |       0 |   0.0 |      32 |       0 |   0.0
        D:4 |     289 |      96 |  24.9 |      21 |       1 |   4.5
        D:5 |     662 |     186 |  21.9 |      12 |       2 |  14.3
        D:6 |     828 |     887 |  51.7 |      23 |       2 |   8.0
        D:7 |    1355 |       0 |   0.0 |      16 |       0 |   0.0
        D:8 |    1378 |     130 |   8.6 |      17 |       1 |   5.6
        D:9 |    1499 |       0 |   0.0 |      20 |       0 |   0.0
       D:10 |    2443 |       0 |   0.0 |      22 |       0 |   0.0
       D:11 |    5934 |    3330 |  35.9 |      50 |      12 |  19.4
       D:12 |    7215 |     913 |  11.2 |      53 |      36 |  40.4
       D:13 |   15457 |    6893 |  30.8 |      51 |      17 |  25.0
       D:14 |   11509 |       0 |   0.0 |      36 |       0 |   0.0
       D:15 |   10364 |    2463 |  19.2 |      33 |       3 |   8.3
     Lair:1 |    1311 |    3092 |  70.2 |       8 |       2 |  20.0
     Lair:2 |    6588 |     771 |  10.5 |      30 |       4 |  11.8
     Lair:3 |    2212 |    2278 |  50.7 |      13 |       6 |  31.6
     Lair:4 |    4222 |     834 |  16.5 |      17 |       3 |  15.0
     Lair:5 |    3148 |    1541 |  32.9 |      11 |      13 |  54.2
     Lair:6 |    2408 |   12915 |  84.3 |      11 |      47 |  81.0
    Swamp:1 |   12668 |       0 |   0.0 |      33 |       0 |   0.0
    Swamp:2 |   13836 |    1705 |  11.0 |      31 |       1 |   3.1
    Swamp:3 |   18924 |       0 |   0.0 |      40 |       0 |   0.0
    Swamp:4 |   11521 |    5827 |  33.6 |      19 |      28 |  59.6
      Orc:1 |    2370 |       0 |   0.0 |      20 |       0 |   0.0
      Orc:2 |       0 |   19274 | 100.0 |       0 |     146 | 100.0
            +---------+---------+-------+---------+---------+-------
